 Dungeon Crawl Stone Soup version 0.30.1 (webtiles) character file.

Game seed: 11433660324350729663

205 drcrypt the Covered (level 5, -3/47 HPs)
             Began as a Minotaur Fighter on July 2, 2023.
             Slain by a bullfrog (4 damage)
             ... in a sewer.
             The game lasted 00:05:27 (1593 turns).

drcrypt the Covered (Minotaur Fighter)              Turns: 1593, Time: 00:05:27

Health: -3/47      AC:  8    Str: 23    XL:     5   Next: 53%
Magic:  4/4        EV: 10    Int:  5    God:
Gold:   65         SH:  4    Dex:  9    Spells: 4/4 levels left

rFire   . . .        a - +0 war axe
rCold   + . .        c - +0 buckler
rNeg    . . .        b - +0 scale mail
rPois   .            (helmet restricted)
rElec   .            l - +0 cloak
rCorr   .            (no gloves)
SInv    .            (no boots)
Will    .....        (no amulet) Stlth
                     j - ring of protection from cold
HPRegen 0.27/turn    (no ring)
MPRegen 0.09/turn

%: no passive effects
@: very slow
A: horns 2, retaliatory headbutt
a: no special abilities


You were in a sewer.
You visited 1 branch of the dungeon, and saw 3 of its levels.
You also visited: Sewer.

You collected 65 gold pieces.

Inventory:

Hand Weapons
 a - a +0 war axe (weapon)
Armour
 b - a +0 scale mail (worn)
 c - a +0 buckler (worn)
 l - a +0 cloak (worn)
Jewellery
 i - a ring of wizardry
 j - a ring of protection from cold (left hand)
Scrolls
 e - 5 scrolls of identify {unknown}
 k - a scroll of fear {unknown}
Potions
 d - a potion of might
 f - 2 potions of attraction {unknown}
 g - 3 potions of degeneration {unknown}
 h - a potion of curing {unknown}


   Skills:
 + Level 4.6 Fighting
 + Level 3.7 Axes
 + Level 4.7 Armour
 + Level 2.3 Dodging
 + Level 4.7 Shields


You had 4 spell levels left.
You didn't know any spells.
Your spell library was empty.

Dungeon Overview and Level Annotations

Branches:
Dungeon (3/15)              Sewer (1/1)

Altars:


Innate Abilities, Weirdness & Mutations

You have a pair of horns on your head.
You reflexively headbutt those who attack you in melee.


Message History

Your unstable footing causes you to fumble your attack.
The bullfrog hits you. The bullfrog barely misses you. You furiously retaliate!
You headbutt the bullfrog. You block the bullfrog's attack.
The bullfrog hits you.
You are too injured to fight recklessly!
You are too injured to fight recklessly!
You are too injured to fight recklessly!
You are too injured to fight recklessly!
Your unstable footing causes you to fumble your attack.
The bullfrog hits you. You block the bullfrog's attack. x2
The bullfrog closely misses you.
Your unstable footing causes you to fumble your attack.
The bullfrog barely misses you. x2; You furiously retaliate!
You headbutt the bullfrog. The bullfrog barely misses you.
The bullfrog hits you.
* * * LOW HITPOINT WARNING * * *
The bullfrog attacks as you move away! You block the bullfrog's attack.
The bullfrog hits you.
* * * LOW HITPOINT WARNING * * *
The bullfrog hits you.
* * * LOW HITPOINT WARNING * * *
The bullfrog hits you.
* * * LOW HITPOINT WARNING * * *
The bullfrog snags a nearby mouse with its tongue.
The bullfrog closely misses you. You furiously retaliate!
You headbutt the bullfrog!
You kill the bullfrog!
Your unstable footing causes you to fumble your attack.
You block the bullfrog's attack.
The bullfrog hits you but does no damage.
You hit the bullfrog.
The bullfrog is moderately wounded.
The bullfrog hits you.
* * * LOW HITPOINT WARNING * * *
The bullfrog hits you.
* * * LOW HITPOINT WARNING * * *
You closely miss the bullfrog.
The bullfrog is moderately wounded.
The bullfrog hits you.
You die...

#.# #†~≈~.≈~≈≈≈≈≈≈≈≈ #.#
#.# #.~≈~.≈≈≈≈≈≈~≈≈≈ #.#
#∩# #.~≈~.≈≈≈≈≈.~~≈≈≈
#.# #.#
#.~≈~~≈≈≈≈~$..≈≈≈ #.#
#∩# #.~≈~~≈≈≈~?($.≈≈≈≈
#†# #.#
#.~≈~≈≈≈≈~.$?≈≈≈≈≈# #.#
### #.~≈≈~≈≈~~.~~≈≈≈≈≈#
#.# #.~≈~≈~≈~.~~.~≈≈≈≈#
#.# #.~≈~≈~≈@†..~.~≈≈#
#†# #.~≈≈~≈≈~F≈~~.∩~≈#
#.# #.~≈≈~≈≈≈~≈≈~.~≈≈#
#.# #.~≈≈~≈≈≈≈~≈≈≈~≈#
#.# #.~≈~~≈≈≈≈≈~≈≈≈≈#
#.# #.~≈~.≈≈≈≈≈≈~≈≈##
#~#
#.~≈~.~~~~≈~≈≈########†#
#.~≈~~..~~†~≈≈≈≈≈~.~~~.#
#.~≈≈~~~~~†~~≈≈≈≈≈~≈~~~#


You could see a bullfrog.

Vanquished Creatures
  A bullfrog (Sewer)
  7 adders
  A gnoll (D:1)
  3 worms
  A dart slug (D:2)
  2 endoplasms
  12 giant cockroaches
  2 goblins
  3 hobgoblins (D:1)
  6 kobolds
  3 quokkas (Sewer)
  9 ball pythons
  2 bats (D:1)
  5 frilled lizards
  4 rats (D:1)
61 creatures vanquished.

Notes
Turn   | Place    | Note
-------+----------+-------------------------------------------
     0 | D:1      | drcrypt the Minotaur Fighter began the quest for the Orb.
     0 | D:1      | Reached XP level 1. HP: 19/19 MP: 0/0
   143 | D:1      | Found a faded altar of an unknown god.
   171 | D:1      | Reached XP level 2. HP: 27/27 MP: 1/1
   355 | D:1      | Reached skill level 1 in Dodging
   815 | D:2      | Reached XP level 3. HP: 28/33 MP: 2/2
  1131 | D:2      | Reached XP level 4. HP: 40/40 MP: 3/3
  1297 | D:3      | Found a glowing drain.
  1316 | Sewer    | Entered a sewer
  1551 | Sewer    | Reached XP level 5. HP: 47/47 MP: 4/4
  1592 | Sewer    | HP: 1/47 [bullfrog (3)]
  1593 | Sewer    | Slain by a bullfrog

Illustrated notes

Levels and vault maps discovered:
D:1:      spicycebolla_arrival_risky_transporter, layout_basic,
          dreamdust_ecumenical_altar_statues
D:2:      layout_rooms
D:3:      minmay_goblin_kobold_castle, layout_loops_corners,
          portal_sewer_entry_a, uniq_natasha
Sewer:    sewer_frog_island_01

Skill      XL: |  1  2  3  4 |
---------------+-------------+-----
Dodging        | 1 2 |  2.3
Armour         | 4 |  4.7
Fighting       | 4 |  4.6
Shields        | 4 |  4.7
Axes           | 3 |  3.7

Action                     |  1- 3 |  4- 6 || total
---------------------------+-------+-------++-------
  Melee: War axe           |    48 |    94 ||   142
         Headbutt          |     8 |    10 ||    18
 Armour: Scale mail        |    16 |    43 ||    59
  Dodge: Dodged            |    16 |    53 ||    69
  Block: Buckler           |    12 |    31 ||    43
